 Dungeon Crawl Stone Soup version 0.27.1-34-g3ba077fa99 (webtiles) character file.

Game seed: 6164015275499110023

6120 sarkald the Martial Artist (level 10, -7/69 HPs)
             Began as an Octopode Transmuter on Jan 10, 2022.
             Was an Initiate of Gozag.
             Killed from afar by Harold (17 damage)
             ... with a harpoon shot
             ... on level 9 of the Dungeon.
             The game lasted 00:38:27 (11273 turns).

sarkald the Martial Artist (Octopode Transmuter)   Turns: 11273, Time: 00:38:28

Health: -7/69      AC:  6    Str: 19    XL:     10   Next: 89%
Magic:  26/26      EV: 24    Int: 16    God:    Gozag
Gold:   538        SH:  0    Dex: 18    Spells: 14/18 levels left

rFire    . . .     SeeInvis +     - Unarmed
rCold    . . .     Faith    .   (shield currently unavailable)
rNeg     . . .     Spirit   .   (helmet currently unavailable)
rPois    x         Reflect  .   (no amulet)
rElec    .         Harm     .   b - ring of resist corrosion
rCorr    +         Rampage  .   g - ring of Beogh's Envy {MP+9 Str+9 SInv}
Will     +....                  a - +4 ring of protection
Stlth    ++........             i - ring of willpower
HPRegen  0.21/turn              (no ring)
MPRegen  0.20/turn              (no ring)
                                (no ring)
                                (no ring)

@: spider-form (expiring), marked
A: venomous fangs, almost no armour, (amphibious), 8 rings, tiny, (camouflage
1), (gelatinous body 1), (nimble swimmer 1), (tentacles), mutation resistance 1,
screaming 1, weak 1
a: End Transformation, Renounce Religion, Potion Petition, Call Merchant, Bribe
Branch


You were on level 9 of the Dungeon.
You worshipped Gozag.
Gozag was pleased with you.
You were a venomous arachnid creature.
You visited 2 branches of the dungeon, and saw 10 of its levels.

You collected 688 gold pieces.
You paid 150 gold pieces to Gozag.

Inventory:

Armour
 e - a +1 pair of boots of rampaging
Jewellery
 a - a +4 ring of protection (on tentacle)
 b - a ring of resist corrosion (left front leg)
 g - the ring of Beogh's Envy (right front leg) {MP+9 Str+9 SInv}
   (You acquired it on level 3 of the Dungeon)

   [ring of see invisible]

   Str:       It affects your strength (+9).
   MP:        It affects your magic capacity (+9).
   SInv:      It lets you see invisible.
 i - a ring of willpower (on tentacle)
Wands
 d - a wand of iceblast (2)
 h - a wand of polymorph (6)
 m - a wand of paralysis (3)
 r - a wand of digging (6)
Scrolls
 c - a scroll of amnesia
 f - a scroll of teleportation
 n - 2 scrolls of vulnerability {unknown}
 p - a scroll of magic mapping
 q - a scroll of identify
 s - a scroll of fog {unknown}
Potions
 j - 2 potions of attraction
 l - a potion of haste {unknown}
 o - a potion of magic


   Skills:
 * Level 6.5 Fighting
 * Level 7.0 Dodging
 + Level 9.7 Unarmed Combat
 + Level 4.9 Spellcasting
 + Level 5.1 Transmutations
 * Level 7.4 Poison Magic


You had 14 spell levels left.
You knew the following spells:

 Your Spells              Type           Power      Damage    Failure   Level
a - Beastly Appendage     Tmut           40%        N/A       8%          1
b - Spider Form           Tmut/Pois      12%        N/A       12%         3

Your spell library contained the following spells:

 Spells                   Type           Power      Damage    Failure   Level
 Wereblood                Tmut           20%        N/A       10%         2
 Foxfire                  Conj/Fire      12%        2x1d4     34%         1
 Summon Small Mammal      Summ           12%        N/A       34%         1
 Call Canine Familiar     Summ           3%         N/A       65%         3
 Conjure Flame            Conj/Fire      3%         6-21      65%         3
 Inner Flame              Hex/Fire       3%         N/A       65%         3
 Summon Guardian Golem    Hex/Summ       3%         N/A       65%         3
 Ice Form                 Ice/Tmut       12%        N/A       69%         4
 Fulminant Prism          Conj/Hex       1%         3d6       94%         4
 Iskenderun's Mystic Bla  Conj/Tloc      3%         2d3       94%         4
 Lee's Rapid Deconstruct  Erth           1%         3d5*      100%        5


Dungeon Overview and Level Annotations

Branches:
Dungeon (9/15)             Temple (1/1) D:7            Lair (0/6) D:8
    Orc: D:9-12

Altars:
Ashenzari
Cheibriados
Dithmenos
Elyvilon
Fedhas
Gozag
Hepliaklqana
Kikubaaqudgha
Makhleb
Nemelex Xobeh
Qazlal
Ru
Sif Muna
Trog
Uskayaw
Vehumet
Wu Jian
Xom
Yredelemnul
The Shining One

Shops:
D:2 *

Annotations:
D:9 Harold


Innate Abilities, Weirdness & Mutations

You are a venomous arachnid creature.
You have poisonous fangs.
You are tiny and dextrous.
Your spellcasting is less reliable in this form.
Your armour is entirely melded.
You are incapable of wielding weapons or throwing items.
You cannot wear most types of armour.
((You are amphibious.))
You can wear up to eight rings at the same time.
((Your skin changes colour to match your surroundings (Stealth+).))
((Your rubbery body absorbs attacks. (AC +1, EV +1)))
((You are camouflaged near water. (Stealth+)))
((You have tentacles for arms and can constrict up to eight enemies at once.))
You are somewhat resistant to further mutation.
You occasionally shout uncontrollably at your foes.
You are weak. (Str -2)


Message History

Harold is lightly wounded.
The centaur is distracted by your dazzling golden aura.
An orc comes into view. It is wielding a +0 dagger.
Harold hits you with a +0 mace!
* * * LOW HITPOINT WARNING * * *
You hit Harold.
Harold looks as sick as possible!
Harold is lightly wounded.
You hit Harold but do no damage.
Harold looks as sick as possible!
Harold is lightly wounded.
The centaur is no longer distracted by gold.
The killer bee is no longer distracted by gold.
Harold hits you with a +0 mace.
* * * LOW HITPOINT WARNING * * *
The orc is distracted by your dazzling golden aura.
The orc is no longer distracted by gold.
Harold says, "Do you have any idea what people are willing to pay to have you killed, sarkald?"
Harold throws a throwing net.
The throwing net misses you.
The killer bee is distracted by your dazzling golden aura.
Items here: $ )) [.
The killer bee is no longer distracted by gold.
Items here: $ ))) [[.
The killer bee is distracted by your dazzling golden aura.
Harold gestures at you while chanting. The mark upon you grows brighter.
The killer bee buzzes angrily. x2
You feel better.
The killer bee is no longer distracted by gold.
Harold points at you and mumbles some strange words.
You barely resist. Harold gestures at you while chanting.
The mark upon you grows brighter.
You see here a throwing net.
Harold yells, "I don't have all day!"
Harold hits you with a +0 mace!!
* * * LOW HITPOINT WARNING * * *
Your transformation is almost over.
Harold fires a harpoon shot at you. The harpoon shot hits you!
You die...
Your body crumbles into a pile of gold.

#.# # #.# ... #.#
#############co.#
#.#
#y..(yyc$$$yy#
#.#
#y##########.#
#.# #o# # #.# #@#
#.####.#
#....#s####.# ##
####............#
#.#..........
#..........
#..#####.#####
#..##.<.......
#..##.##.#####
#.....# # #..####


You could see Harold (very poisoned), 2 killer bees and an orc.

Vanquished Creatures
  Erica (D:8)
  A manticore (D:8)
  4 slime creatures
  Maurice (D:8)
  Maggie (D:8)
  4 yaks (D:8)
  A steam dragon (D:8)
  Menkaure (D:6)
  A water moccasin (D:7)
  4 ice beasts
  3 orc warriors
  A sky beast (D:6)
  A necrophage (D:5)
  4 ogres
  2 centaurs
  A bullfrog (D:8)
  A scorpion (D:5)
  A wyvern skeleton (D:6)
  3 killer bees (D:9)
  A water moccasin skeleton (D:4)
  A howler monkey (D:6)
  A bullfrog zombie (D:5)
  A centaur zombie (D:5)
  A bullfrog skeleton (D:6)
  2 hounds
  8 orc priests
  Terence (D:3)
  2 iguanas (D:6)
  8 orc wizards
  2 killer bee zombies
  A hound skeleton (D:5)
  A howler monkey zombie (D:7)
  Robin (D:3)
  8 adders
  A white imp (D:8)
  An ufetubus (D:6)
  A dart slug (D:4)
  27 orcs
  6 bats
  9 endoplasms
  8 giant cockroaches
  13 goblins
  12 hobgoblins
  4 quokkas
  5 ball pythons
  4 frilled lizards
  A jackal skeleton (D:4)
  2 kobolds (D:4)
  4 rats
173 creatures vanquished.

Notes
Turn   | Place    | Note
-------+----------+-------------------------------------------
     0 | D:1      | sarkald the Octopode Transmuter began the quest for the
                  | Orb.
     0 | D:1      | Reached XP level 1. HP: 13/13 MP: 3/3
   338 | D:1      | Reached XP level 2. HP: 18/18 MP: 3/5
   380 | D:1      | Found a faded altar of an unknown god.
   772 | D:1      | You fall into a shaft and drop 1 floor!
   802 | D:2      | Found Jasebb's General Store.
   847 | D:2      | Reached skill level 1 in Poison Magic
   907 | D:2      | Reached XP level 3. HP: 22/23 MP: 4/6
  1195 | D:2      | Found a radiant altar of Vehumet.
  1496 | D:3      | Identified 2 scrolls of acquirement
  1496 | D:3      | Acquired the ring of Beogh's Envy {MP+9 Str+9 SInv}
  1499 | D:3      | Acquired a +4 ring of protection
  1510 | D:3      | Learned a level 3 spell: Spider Form
  1756 | D:3      | Noticed Robin
  1764 | D:3      | Reached XP level 4. HP: 28/29 MP: 7/7
  1776 | D:3      | Killed Robin
  2004 | D:3      | Noticed Terence
  2014 | D:3      | Killed Terence
  2335 | D:3      | Reached XP level 5. HP: 32/34 MP: 8/8
  3504 | D:4      | Reached skill level 4 in Unarmed Combat
  3535 | D:4      | Noticed an ogre
  3555 | D:4      | Killed an ogre
  3556 | D:4      | Reached XP level 6. HP: 41/41 MP: 10/10
  4079 | D:4      | Reached XP level 7. HP: 20/45 MP: 11/11
  4563 | D:4      | Found a shimmering blue altar of Sif Muna.
  4733 | D:5      | Entered Level 5 of the Dungeon
  5018 | D:5      | Reached skill level 5 in Unarmed Combat
  5065 | D:5      | Reached XP level 8. HP: 44/52 MP: 13/13
  5228 | D:5      | Found a hide-covered altar of Uskayaw.
  5480 | D:5      | Gained mutation: You occasionally shout uncontrollably at
                  | your foes. [potion of mutation]
  5480 | D:5      | Gained mutation: You are dopey. (Int -2) [potion of
                  | mutation]
  5480 | D:5      | Gained mutation: Your magical capacity is low. (-10% MP)
                  | [potion of mutation]
  5482 | D:5      | Lost mutation: You are dopey. (Int -2) [potion of mutation]
  5482 | D:5      | Lost mutation: Your magical capacity is low. (-10% MP)
                  | [potion of mutation]
  5482 | D:5      | Gained mutation: You are weak. (Str -2) [potion of
                  | mutation]
  5482 | D:5      | Gained mutation: You are somewhat resistant to further
                  | mutation. [potion of mutation]
  5789 | D:6      | Found a hazy altar of Hepliaklqana.
  5789 | D:6      | Identified the +1 leather armour of the Weak Grue {Fly
                  | SInv}
  5822 | D:6      | Reached skill level 6 in Unarmed Combat
  5985 | D:6      | Found a glowing golden altar of the Shining One.
  6521 | D:6      | Reached skill level 5 in Dodging
  6521 | D:6      | Reached XP level 9. HP: 35/59 MP: 15/15
  6766 | D:6      | Reached skill level 5 in Poison Magic
  6846 | D:6      | Noticed Menkaure
  6858 | D:6      | Killed Menkaure
  7423 | D:6      | Killed a large slime creature
  7424 | D:6      | Reached skill level 7 in Unarmed Combat
  7642 | D:6      | Reached skill level 5 in Fighting
  8633 | D:7      | Found a staircase to the Ecumenical Temple.
  8782 | Temple   | Entered the Ecumenical Temple
  8836 | Temple   | Became a worshipper of Gozag Ym Sagoz the Greedy
  8956 | D:8      | Noticed Maggie
  8970 | D:8      | Killed Maggie
  8971 | D:8      | Reached skill level 8 in Unarmed Combat
  8971 | D:8      | Reached XP level 10. HP: 56/66 MP: 16/16
  9071 | D:8      | Noticed Maurice
  9095 | D:8      | Killed Maurice
  9230 | D:8      | Noticed a manticore
  9237 | D:8      | Killed a manticore
  9921 | D:8      | Found a staircase to the Lair.
 10065 | D:8      | Noticed Erica
 10067 | D:8      | Found a basalt altar of Yredelemnul.
 10067 | D:8      | Found a broken altar of Ashenzari.
 10082 | D:8      | Killed Erica
 10083 | D:8      | Reached skill level 9 in Unarmed Combat
 10416 | D:8      | Reached skill level 5 in Transmutations
 11243 | D:9      | Noticed Harold
 11273 | D:9      | Killed from afar by Harold

Illustrated notes

Levels and vault maps discovered:
D:1:      dpeg_arrival_rooms_with_view, layout_rooms,
          hellmonk_ecumenical_altar_blasted
D:2:      layout_rooms, basic_altar, serial_shops, shop, minmay_cut_off
D:3:      layout_basic, uniq_robin, uniq_terence
D:4:      layout_layer_cave, lemuel_doored_altar, nicolae_ossuary_entry_ruins
D:5:      lemuel_ice_spiral_2, layout_rooms, lemuel_tele_altar,
          minmay_misc_feat_columns
D:6:      layout_loops_ring, mainiacjoe_overflow_paths,
          mainiacjoe_overflow_alcove_2, kennysheep_generic_room_11,
          uniq_menkaure
D:7:      layout_gridville, minmay_temple_entry_poolview
D:8:      layout_basic, grunt_temple_overflow_open, lair_entry_dummy,
          uniq_maggie, uniq_maurice, uniq_erica
D:9:      layout_loops_ring, zin_purify, uniq_harold
Temple:   zaba_magenta_temple

Skill      XL: |  1  2  3  4  5  6  7  8  9 10 |
---------------+-------------------------------+-----
Poison Magic   | 1 2 3 4 6 7 |  7.4
Fighting       | 2 3 4 5 6 |  6.5
Unarmed Combat | 4 5 6 8 9 |  9.7
Dodging        | 3 5 6 7 |  7.0
Transmutations | 3 4 5 |  5.1
Spellcasting   | 3 4 |  4.9

Action                   |  1- 3 |  4- 6 |  7- 9 | 10-12 || total
-------------------------+-------+-------+-------+-------++-------
Melee: Unarmed           |    72 |    97 |   224 |   110 ||   503
       Kick              |    17 |    26 |       |       ||    43
       Tentacles         |    14 |    11 |    23 |     2 ||    50
       Constrict         |    20 |    15 |     8 |     4 ||    47
       Punch             |       |       |     8 |     3 ||    11
 Cast: Beastly Appendage |    28 |    18 |       |       ||    46
       Spider Form       |       |     3 |    20 |    11 ||    34
 Abil: End Transformatio |       |       |     2 |     1 ||     3
Evoke: Wand              |       |       |     7 |    10 ||    17
  Use: Scroll            |     5 |     3 |     6 |       ||    14
       Potion            |       |       |     7 |     2 ||     9
 Stab: Sleeping          |     4 |     3 |       |       ||     7
       Invisible         |       |       |     2 |       ||     2
       Distracted        |       |       |       |     2 ||     2
Armor: Skin              |     7 |    19 |    38 |     8 ||    72
Dodge: Dodged            |    41 |    52 |   156 |    65 ||   314
